 Dungeon Crawl Stone Soup version 0.24-a0-447-ge8da9206dc (webtiles) character file.

Game seed: 8428935163249286430

115 Gynju the Skirmisher (level 4, -5/37 HPs)
             Began as a Demonspawn Fighter on June 25, 2019.
             Slain by a howler monkey (6 damage)
             ... on level 2 of the Dungeon.
             The game lasted 00:04:10 (1985 turns).

Gynju the Skirmisher (Demonspawn Fighter)           Turns: 1985, Time: 00:04:11

Health: -5/37      AC:  6    Str: 17    XL:     4   Next: 68%
Magic:  0/4        EV:  8    Int:  9    God:
Gold:   73         SH:  9    Dex: 13    Spells: 3/3 levels left

rFire    . . .     SeeInvis .   a - +0 trident
rCold    . . .     Gourm    .   c - +0 shield
rNeg     . . .     Faith    .   b - +0 scale mail
rPois    .         Spirit   +   (no helmet)
rElec    .         Reflect  .   i - scarf {Spirit}
rCorr    .         Harm     .   (no gloves)
MR       .....                  (no boots)
Stlth    ..........             (no amulet)
HPRegen  0.12/turn              (no ring)
MPRegen  0.09/turn              (no ring)

@: no status effects
A: powered by death 1, magic shield
a: no special abilities


You were on level 2 of the Dungeon.
You were not hungry.

You visited 1 branch of the dungeon, and saw 3 of its levels.

You collected 73 gold pieces.

Inventory:

Hand Weapons
 a - a +0 trident (weapon)
Armour
 b - a +0 scale mail (worn)
 c - a +0 shield (worn)
 i - a scarf of spirit shield (worn)
Scrolls
 h - 2 scrolls of fear {unknown}
 j - 4 scrolls of identify {unknown}
 l - a scroll of remove curse {unknown}
Potions
 d - a potion of might
 e - 2 potions of flight {unknown}
 k - 2 potions of heal wounds {unknown}
 m - 2 potions of curing {unknown}
 n - a potion of lignification {unknown}
Comestibles
 f - 6 rations
 g - a chunk of flesh


   Skills:
 + Level 3.7 Fighting
 - Level 1.7 Polearms
 + Level 3.4 Armour
 + Level 1.7 Dodging
 + Level 3.4 Shields


You had 3 spell levels left.
You didn't know any spells.
Your spell library was empty.

Dungeon Overview and Level Annotations

Branches:
Dungeon (3/15)

Altars:

Annotations:
D:3 Sigmund


Innate Abilities, Weirdness & Mutations

You regenerate a little health from kills.
When hurt, damage is shared between your health and your magic reserves.


Message History

* * * LOW HITPOINT WARNING * * *
The howler monkey closely misses you.
You hit the worm.
The worm is heavily wounded.
The worm bites you.
* * * LOW HITPOINT WARNING * * *
You block the howler monkey's attack.
You barely miss the worm.
The worm is heavily wounded.
The howler monkey hits you but does no damage.
The worm bites you!
* * * LOW HITPOINT WARNING * * *
The howler monkey hoots and howls with incredible vigour!
You barely miss the worm.
The worm is heavily wounded.
You block the howler monkey's attack. The worm bites you but does no damage.
You hit the worm.
The worm is severely wounded.
You block the howler monkey's attack. The howler monkey hits you.
You die...

####.##....## ##..##........
#....##..########..#..........
###.)###......................
####...####...<.........#.......
#....#......##.........##.......
#...>##.#..###..###.............
#.......##.####).#..............
#..(....##.....h>).....#........
#...###........@w[......#.......
#....####.................)..(..
#....# #.......................
#....# #..(....................
#....# #................#######
#....####...(................#..
#........................###.#..
#.......##....<.........## #....
#.......###.....##.....## ###..


You could see a worm and a howler monkey.

Vanquished Creatures
  An orc priest (D:3)
  2 adders (D:2)
  2 dart slugs (D:1)
  A leopard gecko (D:1)
  6 orcs
  2 giant cockroaches
  A goblin (D:2)
  9 hobgoblins
  3 jackals (D:2)
  2 ball pythons
  12 bats
  6 frilled lizards
  5 kobolds
  6 rats
58 creatures vanquished.

Notes
Turn   | Place    | Note
-------+----------+-------------------------------------------
     0 | D:1      | Gynju the Demonspawn Fighter began the quest for the Orb.
     0 | D:1      | Reached XP level 1. HP: 18/18 MP: 1/1
     2 | D:1      | Noticed a draconian
     5 | D:1      | Noticed a dwarf
     7 | D:1      | Noticed a naga
     9 | D:1      | Noticed a tengu
     9 | D:1      | Noticed a felid
    12 | D:1      | Noticed a demigod
    12 | D:1      | Noticed a vampire
    14 | D:1      | Noticed a troll
    14 | D:1      | Noticed a minotaur
    16 | D:1      | Noticed a halfling
    16 | D:1      | Noticed an elf
    18 | D:1      | Noticed a formicid
    18 | D:1      | Noticed a vine stalker
    20 | D:1      | Noticed a human
    20 | D:1      | Noticed an ogre
    22 | D:1      | Noticed a spriggan
    24 | D:1      | Noticed a centaur
    24 | D:1      | Noticed a gargoyle
    24 | D:1      | You fall into a shaft and drop 1 floor!
   284 | D:1      | Gained mutation: You regenerate a little health from kills.
                  | [demonic ancestry]
   284 | D:1      | Reached XP level 2. HP: 23/24 MP: 2/2
   587 | D:1      | Reached skill level 1 in Dodging
   587 | D:1      | Gained mutation: When hurt, damage is shared between your
                  | health and your magic reserves. [demonic ancestry]
   587 | D:1      | Reached XP level 3. HP: 29/29 MP: 1/3
  1306 | D:3      | Reached XP level 4. HP: 31/35 MP: 4/4
  1314 | D:3      | HP: 1/35 [orc priest/nerve-wracking pain (11)]
  1676 | D:3      | Noticed Sigmund
  1983 | D:2      | HP: 1/37 [worm (5)]
  1985 | D:2      | Slain by a howler monkey

Levels and vault maps discovered:
D:1:      kb_arrival_jail, layout_rooms
D:2:      layout_rooms
D:3:      layout_basic, first_ration, hex_tiny, uniq_ijyb, uniq_sigmund,
          uniq_terence

Skill      XL: |  1  2 |
---------------+-------+-----
Armour         | 3 |  3.4
Shields        | 3 |  3.4
Dodging        | 1 |  1.7
Fighting       | |  3.7
Polearms       | |  1.7

Action                   |  1- 3 |  4- 6 || total
-------------------------+-------+-------++-------
Melee: Trident           |   186 |    53 ||   239
  Eat: Chunk             |     2 |     2 ||     4
Armor: Scale mail        |    93 |    32 ||   125
Dodge: Dodged            |    59 |    32 ||    91
Block: Shield            |    74 |    38 ||   112

Table legend:
 A = Non-vault XP
 B = Vault XP
 C = Vault XP percentage of total XP
 D = Non-vault monster count
 E = Vault monster count
 F = Vault count percentage of total count
                 A         B        C        D         E       F
            +---------+---------+-------+---------+---------+-------
      Total |     165 |       0 |   0.0 |      58 |       0 |   0.0
            +---------+---------+-------+---------+---------+-------
        D:1 |      38 |       0 |   0.0 |      24 |       0 |   0.0
        D:2 |      67 |       0 |   0.0 |      24 |       0 |   0.0
        D:3 |      60 |       0 |   0.0 |      10 |       0 |   0.0
            +---------+---------+-------+---------+---------+-------
